 Dungeon Crawl Stone Soup version 0.30-a0-358-g0d69a1922f (webtiles) character file.

Game seed: 1974936820220625937

21560 Elric the Bludgeoner (level 12, -7/103 HPs)
             Began as a Minotaur Berserker on Nov 9, 2022.
             Was an Elder of Trog.
             Mangled by a boulder beetle (17 damage)
             ... on level 13 of the Dungeon on Nov 10, 2022.
             The game lasted 00:26:07 (14248 turns).

Elric the Bludgeoner (Minotaur Berserker)          Turns: 14248, Time: 00:26:07

Health: -7/103     AC:  9    Str: 23    XL:     12   Next: 55%
Magic:  12/12      EV: 16    Int:  4    God:    Trog [****..]
Gold:   788        SH: 12    Dex: 16    Spells: 13/13 levels left

rFire   + . .      SeeInvis +    H - +2 morningstar (freeze)
rCold   + . .      Faith    .    h - +0 kite shield of Inevitability {Rampage Str-4 SInv}
rNeg    . . .      Spirit   .    D - +1 scale mail {rPois}
rPois   +          Reflect  .    (helmet restricted)
rElec   .          Harm     .    C - scarf {rC+ rF+}
rCorr   .          Rampage  +    (no gloves)
Will    .....                    (no boots)
Stlth   ..........               (no amulet)
HPRegen 0.37/turn                c - +6 ring of dexterity
MPRegen 0.13/turn                p - +4 ring of evasion

@: no status effects
A: horns 2, retaliatory headbutt
a: Renounce Religion, Berserk, Trog's Hand, Brothers in Arms


You were on level 13 of the Dungeon.
You worshipped Trog.
Trog was greatly pleased with you.
You visited 1 branch of the dungeon, and saw 13 of its levels.

You collected 846 gold pieces.
You spent 58 gold pieces at shops.

Inventory:

Hand Weapons
 a - a +1 mace
 s - a +0 morningstar
 G - a +0 morningstar of venom
 H - a +2 morningstar of freezing (weapon)
Missiles
 x - 2 throwing nets (quivered)
Armour
 h - the +0 kite shield of Inevitability (worn) {Rampage Str-4 SInv}
   (You found it on level 6 of the Dungeon)

   Str:       It affects your strength (-4).
   SInv:      It lets you see invisible.
   Rampage:   It bestows one free step when moving towards enemies.
 i - the +2 robe of Xecleumi {rElec rPois Str-4 Stlth+}
   (You found it on level 2 of the Dungeon)

   Str:       It affects your strength (-4).
   rElec:     It insulates you from electricity.
   rPois:     It protects you from poison.
   Stlth:     It makes you more stealthy.
 z - +0 acid dragon scales
 C - a scarf of resistance (worn)
 D - a +1 scale mail of poison resistance (worn)
Jewellery
 c - a +6 ring of dexterity (left hand)
 p - a +4 ring of evasion (right hand)
 q - a +6 ring of dexterity
 I - a ring of flight
 M - a ring of protection from cold
 N - the ring "Ticofue" {rCorr Int+6 Slay+2}
   (You found it on level 13 of the Dungeon)

   [ring of intelligence]

   Int:       It affects your intelligence (+6).
   Slay:      It affects your accuracy & damage with ranged weapons and melee
   (+2).
   rCorr:     It protects you from acid and corrosion.
Wands
 j - a wand of paralysis (9)
 k - a wand of mindburst (24)
 o - a wand of flame (3)
 w - a wand of polymorph (18)
 A - a wand of acid (13)
 F - a wand of roots (8)
 O - a wand of digging (2)
Scrolls
 b - a scroll of immolation
 d - 3 scrolls of blinking
 r - 3 scrolls of teleportation
 t - 13 scrolls of identify
 u - a scroll of poison
 y - a scroll of butterflies
 K - a scroll of torment {unknown}
 L - 2 scrolls of silence {unknown}
Potions
 e - 6 potions of degeneration
 f - 6 potions of curing
 g - a potion of attraction
 l - 2 potions of mutation
 m - 5 potions of might
 n - 2 potions of cancellation {unknown}
 v - 4 potions of heal wounds
 B - a potion of flight {unknown}
 E - a potion of lignification {unknown}
 J - 2 potions of magic {unknown}


   Skills:
 + Level 8.3 Fighting
 - Level 19.0 Maces & Flails
 + Level 7.8 Armour
 + Level 7.1 Dodging
 + Level 9.9 Shields
 + Level 1.2 Spellcasting


You had 13 spell levels left.
You didn't know any spells.
Your spell library was empty.

Dungeon Overview and Level Annotations

Branches:
Dungeon (13/15)            Temple (0/1) D:5            Lair (0/5) D:8
    Orc (0/2) D:9
 Vaults: D:13-14

Altars:
Dithmenos
Makhleb
Okawaru
Ru
Trog
Lugonu

Shops:
D:3 *[

Portals:
Abyss: D:3

Annotations:
D:3 2 runed translucent doors
D:4 1 runed translucent door, twist's ghost, amateur OpTm


Innate Abilities, Weirdness & Mutations

You have a pair of horns on your head.
You reflexively headbutt those who attack you in melee.


Message History

You destroy the wraith!
Trog accepts your kill.
Trog does not appreciate your training of magic skills!
You feel a little guilty.
A boulder beetle comes into view.
Found a rapier.
A boulder beetle is nearby!
A boulder beetle is nearby!
You rampage towards the boulder beetle!
The boulder beetle leaps!
No target in view!
No target in view!
Found a hand axe.
No target in view!
A gargoyle, a centaur warrior and a deep elf pyromancer come into view.
The centaur warrior shouts!
The deep elf pyromancer shouts!
The centaur warrior wields a +0 shortbow.
The centaur warrior shoots an arrow.
The arrow hits you!!
The deep elf pyromancer moves out of view.
You see here 11 gold pieces.
There are monsters nearby!
You rampage towards the gargoyle!
Found a warped trident.
The centaur warrior shoots an arrow.
You block the arrow.
You rampage towards the gargoyle!
The deep elf pyromancer gestures wildly while chanting.
The gargoyle closely misses you.
The centaur warrior shoots an arrow.
The arrow hits you!
The gargoyle hurls a stone arrow at you.
The stone arrow misses you.
The centaur warrior shoots an arrow.
The arrow hits you!
The centaur warrior shoots an arrow.
The arrow hits you!!
The deep elf pyromancer mumbles some strange words.
The fire elemental hits you. The fire elemental burns you! You resist.
The boulder beetle bites you but does no damage.
The centaur warrior shoots an arrow.
The arrow hits you!!
* * * LOW HITPOINT WARNING * * *
The fire elemental hits you. The fire elemental burns you! You resist.
* * * LOW HITPOINT WARNING * * *
The boulder beetle attacks as you move away!
The boulder beetle bites you!
You die...

..###......##....## ###
##.....##.....#
######......#...#.# #
.....#......#...#.##)..#
.....#......'..........+
.....####...#...#+##...#
#.....# #...#......# #
'.....# #####....B.#
#..[..# ####@$.##
####### ######E...###
#### ...○.E9E....# ...#
°○○○○e°.c.#...# .).#
..........###.. ...#
..........# . ...##
#######.)## ....#####
#..# ........# #..#


You could see a boulder beetle, a centaur warrior, a deep elf pyromancer, 3 fire
elementals and a gargoyle.

Vanquished Creatures
  2 two-headed ogres
  A centaur warrior (D:12)
  A tengu warrior (D:12)
  2 boulder beetles (D:12)
  Urug (D:11)
  A deep elf pyromancer (D:12)
  An ugly thing (D:12)
  A salamander (shapeshifter) (D:13)
  3 cyclopes (D:12)
  Maurice (D:8)
  An unseen horror (D:12)
  5 gargoyles (D:12)
  A kobold demonologist (D:12)
  Psyche (D:9)
  4 komodo dragons
  A hornet (D:9)
  5 slime creatures (D:12)
  A vampire (D:13)
  19 yaks
  3 shadows (D:11)
  3 wraiths
  2 basilisks (D:12)
  A wyvern (D:7)
  5 vampire mosquitoes (D:12)
  4 acid dragons
  5 water moccasins
  2 black bears (D:8)
  An ice beast (D:8)
  2 ogres
  6 centaurs
  A phantom (D:6)
  3 kobold brigands
  A necrophage (D:7)
  5 bullfrogs
  3 scorpions
  A gnoll sergeant (D:11)
  7 wights (D:9)
  19 killer bees
  4 howler monkeys
  3 jellies
  2 hounds
  3 orc priests
  2 gnoll boudas
  8 iguanas
  Ijyb (D:5)
  Terence (D:2)
  7 orc wizards
  Natasha (thrice) (D:2)
  13 gnolls
  10 adders
  2 shadow imps
  2 white imps
  An ufetubus (D:5)
  2 worms
  3 dart slugs
  30 orcs
  4 ball pythons
  12 endoplasms
  A giant cockroach (D:3)
  9 goblins
  6 hobgoblins
  22 kobolds
  6 quokkas
  6 bats
  3 frilled lizards (D:1)
  6 rats
298 creatures vanquished.

Vanquished Creatures (collateral kills)
  A gargoyle (D:12)
  An acid dragon (D:12)
  A centaur (D:12)
  An orc (D:6)
4 creatures vanquished.

Vanquished Creatures (others)
  35 fungi (D:8)
  55 plants (D:8)
  2 withered plants (D:4)
92 creatures vanquished.

Grand Total: 394 creatures vanquished

Notes
Turn   | Place    | Note
-------+----------+-------------------------------------------
     0 | D:1      | Elric the Minotaur Berserker began the quest for the Orb.
     0 | D:1      | Reached XP level 1. HP: 19/19 MP: 0/0
   187 | D:1      | Reached skill level 4 in Maces & Flails
   198 | D:1      | Reached XP level 2. HP: 22/27 MP: 1/1
   700 | D:1      | Reached XP level 3. HP: 32/33 MP: 2/2
   727 | D:1      | Reached skill level 5 in Maces & Flails
  1222 | D:2      | Reached ** piety under Trog
  1336 | D:2      | Identified the +2 robe of Xecleumi {rElec rPois Str-4
                  | Stlth+}
  1415 | D:2      | Reached XP level 4. HP: 26/40 MP: 3/3
  1643 | D:2      | Noticed Terence
  1653 | D:2      | Killed Terence
  1654 | D:2      | Reached skill level 6 in Maces & Flails
  1672 | D:2      | Noticed Natasha
  1684 | D:2      | Killed Natasha
  1879 | D:2      | Noticed Natasha
  1889 | D:2      | Killed Natasha
  1890 | D:2      | Reached XP level 5. HP: 35/46 MP: 4/4
  2081 | D:2      | Noticed Natasha
  2092 | D:2      | Killed Natasha
  2093 | D:2      | Reached skill level 7 in Maces & Flails
  2763 | D:3      | Found a large runed translucent door.
  2763 | D:3      | Found a large runed translucent door.
  2769 | D:3      | Found a corrupted altar of Lugonu.
  2911 | D:3      | Found a one-way gate to the infinite horrors of the Abyss.
  2975 | D:3      | Found a shadowy altar of Dithmenos.
  3030 | D:3      | Found Husupreriyv's General Store.
  3067 | D:3      | Reached skill level 8 in Maces & Flails
  3067 | D:3      | Reached XP level 6. HP: 48/52 MP: 5/5
  3075 | D:3      | Reached *** piety under Trog
  3117 | D:3      | Found Tohewk's Armour Emporium.
  3200 | D:3      | Bought a +0 kite shield for 58 gold pieces
  3762 | D:4      | Reached skill level 1 in Shields
  4149 | D:4      | Reached XP level 7. HP: 59/59 MP: 6/6
  4283 | D:4      | Found a runed translucent door.
  4283 | D:4      | Noticed twist's ghost (amateur OpTm)
  5001 | D:5      | Entered Level 5 of the Dungeon
  5157 | D:5      | Found a staircase to the Ecumenical Temple.
  5464 | D:5      | Reached skill level 5 in Fighting
  5528 | D:5      | Reached XP level 8. HP: 68/68 MP: 7/7
  5979 | D:5      | Reached skill level 5 in Shields
  6105 | D:5      | Noticed Ijyb
  6114 | D:5      | Killed Ijyb
  6115 | D:5      | Reached skill level 9 in Maces & Flails
  6433 | D:6      | Reached skill level 5 in Armour
  6439 | D:6      | Identified the +0 kite shield of Inevitability {Rampage
                  | Str-4 SInv}
  6489 | D:6      | Identified the +3 leather armour "Wuklipto" {rF+++ Will+
                  | Regen+ Slay-4}
  7120 | D:7      | Reached **** piety under Trog
  7169 | D:7      | Reached XP level 9. HP: 70/75 MP: 8/8
  7294 | D:7      | Found a burning altar of Makhleb.
  7299 | D:7      | Reached skill level 5 in Dodging
  7445 | D:7      | Found an iron altar of Okawaru.
  7609 | D:8      | Found a sacrificial altar of Ru.
  7620 | D:8      | Noticed a two-headed ogre
  7629 | D:8      | Killed a two-headed ogre
  7889 | D:8      | Reached skill level 10 in Maces & Flails
  8109 | D:8      | Found a staircase to the Lair.
  8322 | D:8      | Noticed a komodo dragon
  8354 | D:8      | Killed a komodo dragon
  8355 | D:8      | Reached XP level 10. HP: 67/86 MP: 9/9
  8542 | D:8      | Noticed Maurice
  8555 | D:8      | Killed Maurice
  8871 | D:8      | Found a bloodstained altar of Trog.
  9479 | D:9      | Reached skill level 11 in Maces & Flails
  9773 | D:9      | Found a staircase to the Orcish Mines.
  9960 | D:9      | Noticed Psyche
  9967 | D:9      | Killed Psyche
  9968 | D:9      | Reached skill level 12 in Maces & Flails
 10254 | D:10     | Entered Level 10 of the Dungeon
 10556 | D:10     | Reached skill level 13 in Maces & Flails
 10653 | D:10     | Reached XP level 11. HP: 57/93 MP: 10/10
 11488 | D:11     | Reached skill level 14 in Maces & Flails
 11604 | D:11     | Noticed Urug
 11617 | D:11     | Killed Urug
 12188 | D:11     | Identified the +0 cloak of Resourcefulness {rElec rC+ Will+
                  | Slay-5}
 12320 | D:11     | Reached skill level 15 in Maces & Flails
 12634 | D:12     | Noticed a boulder beetle
 12693 | D:12     | Killed a boulder beetle
 12768 | D:12     | Reached skill level 16 in Maces & Flails
 12804 | D:12     | Reached ***** piety under Trog
 13002 | D:12     | Noticed a two-headed ogre
 13008 | D:12     | Killed a two-headed ogre
 13009 | D:12     | Reached skill level 17 in Maces & Flails
 13258 | D:12     | Noticed a tengu warrior
 13260 | D:12     | Noticed a deep elf pyromancer
 13278 | D:12     | Killed a tengu warrior
 13279 | D:12     | Reached XP level 12. HP: 96/101 MP: 11/11
 13293 | D:12     | Reached skill level 18 in Maces & Flails
 13588 | D:12     | Noticed a boulder beetle
 13611 | D:12     | Killed a boulder beetle
 13622 | D:12     | Reached skill level 19 in Maces & Flails
 13807 | D:13     | Noticed a centaur warrior
 14029 | D:12     | Reached skill level 1 in Spellcasting
 14034 | D:12     | Killed a centaur warrior
 14097 | D:13     | Identified the ring "Ticofue" {rCorr Int+6 Slay+2}
 14236 | D:13     | Noticed a boulder beetle
 14241 | D:13     | Noticed a centaur warrior
 14248 | D:13     | Mangled by a boulder beetle

Illustrated notes

Levels and vault maps discovered:
D:1:      tarquinn_simple_flora_water_c, layout_basic
D:2:      layout_basic, dreamdust_mushroom_princess, minmay_tetromino_t2,
          uniq_natasha, uniq_terence
D:3:      due_chaos_kobolds, layout_loops_ring, mainiacjoe_overflow_catwalk,
          serial_shops, shop, nicolae_shop_advertising_works
          [nicolae_subvault_shop_adworks]
D:4:      layout_layer_cave, gammafunk_ghost_grave, grunt_ministairs_15,
          hangedman_decor_riveting, due_unseen_surprise
D:5:      layout_gridville, minmay_temple_entry_sparse_star, uniq_ijyb
D:6:      layout_cave_pools
D:7:      layout_basic, nicolae_overflow_hidden_temple, makhleb_heckhound_becter
D:8:      layout_basic, nicolae_ru_sacrificial_ziggurat,
          mainiacjoe_overflow_boulevard, due_lair_maze_entry_diamond,
          hellmonk_bongcloud_opening, st_stairs_1, nrook_mini_vaults,
          uniq_maurice
D:9:      layout_basic, orc_0_dummy, uniq_psyche
D:10:     layout_basic
D:11:     layout_irregular_city, serial_bayou_pond_c, uniq_urug
D:12:     cheibrodos_barr_body, layout_rooms, serial_corexii_hall,
          corexii_hall_statues_i, corexii_hall_statues_x
D:13:     minmay_two_paths, layout_basic, lightli_vaults_fourway_checkpoint,
          serial_shops, nicolae_square_shop

Skill      XL: |  1  2  3  4  5  6  7  8  9 10 11 12 |
---------------+-------------------------------------+-----
Maces & Flails | 4 5 6 8 9 10 13 17 19 | 19.0
Fighting       | 4 5 6 7 8 |  8.3
Shields        | 2 4 6 9 |  9.9
Armour         | 3 4 5 6 7 |  7.8
Dodging        | 3 4 6 7 |  7.1
Spellcasting   | 1 |  1.2

Action                   |  1- 3 |  4- 6 |  7- 9 | 10-12 || total
-------------------------+-------+-------+-------+-------++-------
Melee: Mace              |    99 |   136 |   309 |   219 ||   763
       Headbutt          |    17 |    22 |    76 |   131 ||   246
       Unarmed           |       |       |     4 |       ||     4
       Morningstar       |       |       |       |   257 ||   257
Invok: Berserk           |       |     3 |     6 |    10 ||    19
       Trog's Hand       |       |     1 |       |     3 ||     4
       Brothers in Arms  |       |       |       |     3 ||     3
Evoke: Wand              |       |       |     3 |       ||     3
  Use: Scroll            |       |     3 |     9 |     1 ||    13
       Potion            |       |     1 |     1 |     8 ||    10
 Stab: Sleeping          |     1 |     6 |    10 |     3 ||    20
       Distracted        |       |       |     3 |       ||     3
Armor: Animal skin       |    12 |       |       |       ||    12
       Robe              |     6 |    37 |    55 |     6 ||   104
       Acid dragon scale |       |       |       |    14 ||    14
       Scale mail        |       |       |       |    27 ||    27
Dodge: Dodged            |    64 |    55 |   174 |   271 ||   564
Block: Kite shield       |       |    12 |   114 |   242 ||   368

Table legend: (Time is in decaauts)
 A = Elapsed time spent in this place.
 B = Non-inter-level travel time spent in this place.
 C = Inter-level travel time spent in this place.
 D = Time resting spent in this place.
 E = Time spent auto-exploring this place.
 F = Levels seen in this place.
 G = Mean time per level.
                   A        B        C        D        E       F      G
               +--------+--------+--------+--------+--------+-----+--------+
         Total |  14429 |  13856 |    573 |   2230 |   9462 |  13 | 1109.9 |
       Dungeon |  14429 |  13856 |    573 |   2230 |   9462 |  13 | 1109.9 |
               +--------+--------+--------+--------+--------+-----+--------+

Top non-repeatable levels by time:
     D:3: 1516 daAuts
    D:10: 1416 daAuts
     D:4: 1398 daAuts
     D:8: 1383 daAuts
    D:12: 1341 daAuts
     D:9: 1329 daAuts
     D:5: 1200 daAuts
     D:1: 1159 daAuts
    D:11: 1026 daAuts
     D:2: 1004 daAuts
     D:6: 781 daAuts
     D:7: 644 daAuts
    D:13: 226 daAuts
